 Dungeon Crawl Stone Soup version 0.29-a0-872-g797fff5ad1 (webtiles) character file.

Game seed: 17832483184892381026

1106 Ajdolov the Purveyor of Pain (level 8, -10/52 HPs)
             Began as a Mummy Necromancer on July 18, 2022.
             Was an Initiate of Kikubaaqudgha.
             Mangled by Menkaure (17 damage)
             ... on level 5 of the Dungeon.
             The game lasted 00:14:34 (6230 turns).

Ajdolov the Purveyor of Pain (Mummy Necromancer)    Turns: 6230, Time: 00:14:35

Health: -10/52     AC:  2    Str: 11    XL:     8   Next: 11%
Magic:  18/18      EV: 12    Int: 17    God:    Kikubaaqudgha [......]
Gold:   245        SH:  0    Dex: 12    Spells: 13/21 levels left

rFire   x . .      SeeInvis .   d - +0 spear
rCold   + . .      Faith    .   (no shield)
rNeg    + + +      Spirit   .   a - +0 robe
rPois   ∞          Reflect  .   (no helmet)
rElec   .          Harm     .   (no cloak)
rCorr   .          Rampage  .   (no gloves)
Will    +....                   (no boots)
Stlth   ++........              (no amulet)
HPRegen 0.17/turn               (no ring)
MPRegen 0.16/turn               (no ring)

@: no status effects
A: cold resistance 1, negative energy resistance 3, torment resistance 2, heat
vulnerability 1, in touch with death 1, no potions
a: Renounce Religion


You were on level 5 of the Dungeon.
You worshipped Kikubaaqudgha.
Kikubaaqudgha was noncommittal.
You visited 2 branches of the dungeon, and saw 6 of its levels.
You also visited: Sewer.

You collected 321 gold pieces.
You spent 76 gold pieces at shops.

Inventory:

Hand Weapons
 d - a +0 spear (weapon)
Missiles
 e - 14 poisoned darts
Armour
 a - a +0 robe (worn)
Magical Staves
 i - a staff of death
Jewellery
 j - a +4 ring of protection
Wands
 b - a wand of roots (3)
 o - a wand of polymorph (4)
 q - a wand of digging (6)
Scrolls
 c - a scroll of brand weapon
 f - 5 scrolls of amnesia
 g - 3 scrolls of fog
 h - a scroll of enchant weapon
 k - 3 scrolls of identify
 l - 3 scrolls of teleportation
 m - a scroll of silence
 n - a scroll of vulnerability {unknown}
 p - a scroll of immolation {unknown}


   Skills:
 - Level 1.5 Dodging
 - Level 1.5 Stealth
 + Level 7.1 Spellcasting
 * Level 8.8 Necromancy


You had 13 spell levels left.
You knew the following spells:

 Your Spells              Type           Power      Damage    Failure   Level
a - Necrotise             Necr           100%       1d9       1%          1
b - Animate Dead          Necr           53%        N/A       3%          4
c - Vampiric Draining     Necr           53%        2d9       1%          3

Your spell library contained the following spells:

 Spells                   Type           Power      Damage    Failure   Level
 Agony                    Necr           53%        N/A       9%          5
 Poisonous Vapours        Pois/Air       12%        N/A       17%         2
 Dazzling Flash           Conj/Hex       12%        N/A       34%         3
 Mephitic Cloud           Conj/Pois/Air  6%         N/A       34%         3
 Iskenderun's Mystic Bla  Conj/Tloc      6%         2d4       75%         4


Dungeon Overview and Level Annotations

Branches:
Dungeon (5/15)             Temple (1/1) D:5           Sewer (visited)

Altars:
Cheibriados
Fedhas
Gozag
Hepliaklqana
Kikubaaqudgha
Nemelex Xobeh
Okawaru
Qazlal
Sif Muna
Vehumet
Yredelemnul

Shops:
D:2 [**   D:3 (   D:5 =

Annotations:
D:5 Ijyb, Menkaure


Innate Abilities, Weirdness & Mutations

You are immune to poison.
Your flesh is cold resistant. (rC+)
You are immune to negative energy. (rN+++)
You are immune to unholy pain and torment.
You are vulnerable to heat. (rF-)
You are in touch with the powers of death.
You do not drink.


Message History

You start resting.
Magic restored.
Menkaure gestures wildly while chanting.
Menkaure seems to speed up.
A hound comes into view.
Your centaur zombie hits Menkaure.
Your centaur zombie kicks Menkaure but does no damage.
Your centaur zombie hits Menkaure.
Your centaur zombie kicks Menkaure.
Menkaure hits your centaur zombie!!
Your centaur zombie barely misses Menkaure. x2
The hound bites your centaur zombie.
Your centaur zombie hits Menkaure.
Your centaur zombie kicks Menkaure.
The hound bites your centaur zombie but does no damage.
The hound pauses to sniff the ground.
Menkaure attacks as you move away! Menkaure hits you!!
Menkaure attacks as you move away! Menkaure barely misses you.
You hit Menkaure.
Menkaure is heavily damaged.
Menkaure closely misses you.
Your centaur zombie hits Menkaure.
Your centaur zombie kicks Menkaure but does no damage.
You hit Menkaure.
Menkaure is severely damaged.
The hound bites your centaur zombie. Menkaure hits you!!
* * * LOW HITPOINT WARNING * * *
Your centaur zombie hits the hound.
Your centaur zombie closely misses the hound.
The hound bites your centaur zombie but does no damage.
Menkaure barely misses you.
Aiming: Fastroot
Press: ? - help, Shift-Dir - straight line The roots erupt in riotous growth!
Your centaur zombie is unaffected.
Roots grab Menkaure.
Roots grab the hound.
The grasping roots constrict Menkaure.
The grasping roots constrict the hound.
You hear a shout! x2
Your centaur zombie barely misses the hound.
Your centaur zombie kicks the hound but does no damage.
The hound bites your centaur zombie. Menkaure hits you!
You die...
Kikubaaqudgha rasps: "You have failed me!
Welcome... oblivion!"

#..........!
#..#.###....
##..#..#.....
#............
###........#
#....#>....#.
###............
##...#.......#..
##....@.......#
#.....M####...#
#....#.Z# ...#
##....#h### ...#
##..##.#^##...#.
.....
#..##..........
.....
#........#....
......
##...#...####.
......
#...#...h#.#
#......


You could see Menkaure (fast, rooted), a hound (rooted, ally target) and a
friendly centaur zombie.

Vanquished Creatures
  Grinder (D:3)
  A black bear (D:4)
  An ice beast (D:5)
  An ogre (D:4)
  A centaur (D:5)
  2 scorpions
  A hound (D:5)
  2 orc priests
  An iguana (D:4)
  Natasha (twice) (D:4)
  An orc wizard (D:2)
  7 gnolls
  9 adders
  2 worms
  4 dart slugs
  8 orcs (D:3)
  7 ball pythons
  7 bats
  6 endoplasms
  4 giant cockroaches
  6 goblins
  A hobgoblin (D:3)
  3 jackals (D:2)
  3 quokkas
  3 frilled lizards
  9 kobolds
  3 rats
96 creatures vanquished.

Vanquished Creatures (collateral kills)
  Natasha (D:4)
  2 orcs (D:3)
  An endoplasm (D:4)
  A quokka (D:4)
5 creatures vanquished.

Vanquished Creatures (others)
  A scorpion zombie (D:4)
  A hound zombie (D:5)
  A felid zombie (D:4)
  A ball python zombie (D:4)
  A gnoll zombie (D:5)
  A goblin zombie (D:4)
6 creatures vanquished.

Grand Total: 107 creatures vanquished

Notes
Turn   | Place    | Note
-------+----------+-------------------------------------------
     0 | D:1      | Ajdolov the Mummy Necromancer began the quest for the Orb.
     0 | D:1      | Reached XP level 1. HP: 13/13 MP: 4/4
   679 | D:1      | Reached XP level 2. HP: 17/19 MP: 0/6
  1107 | D:2      | Gained mutation: You are in touch with the powers of death.
                  | [Mummy growth]
  1107 | D:2      | Reached XP level 3. HP: 20/24 MP: 3/7
  1227 | D:2      | Found Oneurphu's General Store.
  1237 | D:2      | Bought a scroll of identify for 22 gold pieces
  1376 | D:2      | Found an opulent altar of Gozag.
  1449 | D:2      | Reached skill level 5 in Necromancy
  1538 | D:2      | Found Saqy's Antique Armour Shoppe.
  1609 | D:2      | Found Xeruqooj's Assorted Antiques.
  1613 | D:2      | Bought a scroll labelled JUKKAM UDWANGE for 18 gold pieces
  1613 | D:2      | Bought a scroll of identify for 36 gold pieces
  1866 | D:3      | Found a glowing drain.
  1878 | Sewer    | Entered a sewer
  1893 | Sewer    | Reached XP level 4. HP: 30/30 MP: 4/9
  1925 | Sewer    | Noticed Pargi
  2022 | Sewer    | Learned a level 4 spell: Animate Dead
  2026 | Sewer    | Learned a level 3 spell: Vampiric Draining
  2276 | D:3      | Found a snail-covered altar of Cheibriados.
  2376 | D:3      | Noticed Grinder
  2379 | D:3      | Paralysed by Grinder for 2 turns
  2426 | D:3      | Reached XP level 5. HP: 8/35 MP: 1/11
  2730 | D:3      | Found Ekkytiuq's Antique Weapon Shop.
  2913 | D:3      | Paralysed by Grinder for 4 turns
  2945 | D:3      | Killed Grinder
  2946 | D:3      | Reached skill level 5 in Spellcasting
  2946 | D:3      | Reached skill level 6 in Necromancy
  2946 | D:3      | Reached XP level 6. HP: 32/41 MP: 11/13
  3775 | D:3      | Reached skill level 7 in Necromancy
  3803 | D:3      | Found a basalt altar of Yredelemnul.
  3935 | D:4      | Noticed Natasha
  3955 | D:4      | Killed Natasha
  3956 | D:4      | Reached XP level 7. HP: 15/46 MP: 1/15
  3984 | D:4      | Noticed Natasha
  3991 | D:4      | Your ally Natasha died
  3995 | D:4      | Killed Natasha
  4255 | D:4      | Got Sif Muna's Reference Book on Filthy Outbursts
  4293 | D:4      | Noticed Natasha
  4298 | D:4      | Killed Natasha
  4310 | D:4      | Reached skill level 8 in Necromancy
  4626 | D:4      | Found an iron altar of Okawaru.
  5214 | D:5      | Entered Level 5 of the Dungeon
  5214 | D:5      | Found Zaanias's Jewellery Emporium.
  5215 | D:5      | Found a staircase to the Ecumenical Temple.
  5387 | Temple   | Entered the Ecumenical Temple
  5428 | Temple   | Became a worshipper of Kikubaaqudgha
  5450 | D:5      | Noticed Menkaure
  5708 | D:5      | Reached XP level 8. HP: 52/52 MP: 1/18
  5715 | D:5      | Noticed Ijyb
  6230 | D:5      | Mangled by Menkaure

Illustrated notes

Levels and vault maps discovered:
D:1:      matt_arrival_refuge, layout_basic, due_unseen_surprise
D:2:      layout_loops_cross, basic_altar, serial_shops, nicolae_shop_stone,
          nicolae_shop_trees, shop
D:3:      layout_basic, general_overflow_altar,
          mainiacjoe_overflow_cross_hatched, serial_shops, shop,
          cheibrodos_sewer_entry_drain, dk_noncrumbling_2, grunt_ministairs_11,
          amethyst_killhole, minmay_joined_circles, uniq_grinder
D:4:      layout_basic, mainiacjoe_overflow_alcove_2, corexii_hall_statues_u,
          uniq_natasha
D:5:      layout_cave_pools, minmay_temple_entry_proselytizer, serial_shops,
          shop, uniq_menkaure, uniq_ijyb
Temple:   nicolae_temple_ecumenical_triangle

Skill      XL: |  1  2  3  4  5  6  7 |
---------------+----------------------+-----
Spellcasting   | 3 4 5 7 |  7.1
Necromancy     | 5 6 7 8 |  8.8
Dodging        | |  1.5
Stealth        | |  1.5

Action                   |  1- 3 |  4- 6 |  7- 9 || total
-------------------------+-------+-------+-------++-------
Melee: Spear             |    17 |    19 |     9 ||    45
 Cast: Necrotise         |    46 |    93 |    43 ||   182
       Vampiric Draining |       |     3 |    19 ||    22
       Animate Dead      |       |     1 |     5 ||     6
Evoke: Wand              |       |     8 |     1 ||     9
  Use: Scroll            |     7 |     1 |       ||     8
 Stab: Sleeping          |       |     1 |       ||     1
Armor: Robe              |     4 |     9 |     4 ||    17
Dodge: Dodged            |    22 |    34 |    41 ||    97

Table legend: (Time is in decaauts)
 A = Elapsed time spent in this place.
 B = Non-inter-level travel time spent in this place.
 C = Inter-level travel time spent in this place.
 D = Time resting spent in this place.
 E = Time spent auto-exploring this place.
 F = Levels seen in this place.
 G = Mean time per level.
                   A        B        C        D        E       F      G
               +--------+--------+--------+--------+--------+-----+--------+
         Total |   6284 |   5956 |    328 |   1565 |   2981 |   7 |  897.7 |
       Dungeon |   6021 |   5701 |    320 |   1527 |   2930 |   5 | 1204.2 |
        Temple |     50 |     42 |      8 |      0 |     35 |   1 |   50.0 |
         Sewer |    211 |    211 |      0 |     38 |     16 |   1 |  211.0 |
               +--------+--------+--------+--------+--------+-----+--------+

Top non-repeatable levels by time:
     D:4: 1784 daAuts
     D:3: 1591 daAuts
     D:2: 1265 daAuts
     D:1: 893 daAuts
     D:5: 487 daAuts
   Sewer: 211 daAuts
  Temple: 50 daAuts
